 Dungeon Crawl Stone Soup version 0.28-a0-1415-g7c84da036a (webtiles) character file.

Game seed: 2937950064680162691

141 blank1 the Magician (level 5, -2/38 HPs)
             Began as a Djinni Conjurer on Jan 7, 2022.
             Hit by a stone thrown by an orc warrior (9 damage)
             ... on level 3 of the Dungeon.
             The game lasted 00:05:47 (3384 turns).

blank1 the Magician (Djinni Conjurer)               Turns: 3384, Time: 00:05:48

Health: -2/38      AC:  2    Str:  6    XL:     5   Next: 48%
Gold:   227        EV: 12    Int: 20    God:
                   SH:  0    Dex: 13

rFire   + + .      SeeInvis .   j - +2 short sword (flame)
rCold   x . .      Faith    .   (no shield)
rNeg    . . .      Spirit   .   a - +0 robe
rPois   ∞          Reflect  .   (no helmet)
rElec   .          Harm     .   (no cloak)
rCorr   +          Rampage  .   (no gloves)
Will    .....                   (boots unavailable)
Stlth   ++........              (no amulet)
HPRegen 0.12/turn               h - ring of resist corrosion
MPRegen 0.00/turn               (no ring)

@: flying
A: sickness immunity, fire resistance 2, cold vulnerability 1, float, innate
caster, hp casting, extra vitality 1
a: no special abilities


You were on level 3 of the Dungeon.
You visited 1 branch of the dungeon, and saw 3 of its levels.

You collected 227 gold pieces.

Inventory:

Hand Weapons
 j - a +2 short sword of flaming (weapon)
Armour
 a - a +0 robe (worn)
Magical Staves
 i - a staff of death
Jewellery
 h - a ring of resist corrosion (left hand)
Scrolls
 b - a scroll of immolation {unknown}
 e - a scroll of identify {unknown}
 g - a scroll of enchant armour {unknown}
 k - a scroll of fog {unknown}
Potions
 c - a potion of flight {unknown}
 d - a potion of magic {unknown}
 f - a potion of mutation {unknown}


   Skills:
 - Level 2.0 Fighting
 - Level 3.0 Dodging
 - Level 2.0 Stealth
 + Level 4.3 Spellcasting


You couldn't memorise any spells.
You knew the following spells:

 Your Spells              Type           Power      Damage    Failure   Level
a - Magic Dart            Conj           84%        1d7       1%          1
b - Searing Ray           Conj           42%        2d6       3%          2
c - Dazzling Flash        Conj/Hex       42%        N/A       6%          3
d - Fulminant Prism       Conj/Hex       10%        3d9       21%         4
e - Iskenderun's Mystic   Conj/Tloc      21%        2d6       21%         4
f - Animate Skeleton      Necr           42%        N/A       1%          1
g - Poisonous Vapours     Pois/Air       42%        N/A       3%          2
Your spell library was empty.

Dungeon Overview and Level Annotations

Branches:
Dungeon (3/15)

Altars:


Innate Abilities, Weirdness & Mutations

You are immune to sickness and miasma.
You are immune to poison.
Your flesh is very heat resistant. (rF++)
You are vulnerable to cold. (rC-)
You float through the air rather than walking.
You learn spells naturally, not from books.
Your magical power is your life essence.
You have superior vitality. (+4 MHP)


Message History

Aiming: Poisonous Vapours (safe; 3% risk of failure)
Press: ? - help, Dir - move target, f/p - orc warrior
Aim: an orc warrior, wielding a +0 war axe, wearing a +0 chain mail and quivering stones (lightly wounded, extremely poisoned) Poisonous vapours surround the orc warrior!
The orc warrior looks as sick as possible!
The magic dart hits the orc warrior.
The orc warrior is moderately wounded.
The orc warrior throws a stone.
The stone barely misses you.
A giant cockroach comes into view.
The magic dart hits the orc warrior but does no damage.
The orc warrior is moderately wounded.
The orc warrior drinks a potion.
The orc warrior is healed!
The orc warrior looks more healthy.
Casting: Magic Dart (safe; 1% risk of failure)
Confirm with . or Enter, or press ? or * to list all spells.
Aiming: Poisonous Vapours (safe; 3% risk of failure)
Press: ? - help, Dir - move target, f/p - orc warrior
Aim: an orc warrior, wielding a +0 war axe, wearing a +0 chain mail and quivering stones (lightly wounded) Poisonous vapours surround the orc warrior!
The orc warrior is poisoned.
Casting: Poisonous Vapours (safe; 3% risk of failure)
Confirm with . or Enter, or press ? or * to list all spells.
Aiming: Poisonous Vapours (safe; 3% risk of failure)
Press: ? - help, Dir - move target, f/p - orc warrior
Aim: an orc warrior, wielding a +0 war axe, wearing a +0 chain mail and quivering stones (moderately wounded, poisoned) Poisonous vapours surround the orc warrior!
The orc warrior looks even sicker.
The orc priest shouts!
The orc warrior throws a stone.
The stone hits you.
The orc warrior throws a stone.
The stone closely misses you.
You see here a hobgoblin corpse.
Things that are here:
a +0 club; a +0 ring mail; an orc corpse The orc warrior throws a stone.
The stone barely misses you.
The orc warrior looks more healthy.
The orc warrior throws a stone.
The stone hits you!
* * * LOW HITPOINT WARNING * * *
The orc warrior throws a stone.
The stone misses you.
The orc warrior throws a stone.
The stone hits you!
You die...

###.......## #..#####.##
#..# #.# ##### #..# #..
..o.# #..# #.# ###.# #..#
#.# #.# ####### #.<### #.#
#.# #.....#####....####.#
#.###....)....@.......(.#
#......######.#########)# #
#..###.####.#.#..... #.#
#.#..##..##...#.##... #.#
#.#..#...##...#..##.#####.#
#.#..#...#....#...#'#..)..#
.........#)..'#..)....)##.#
.....##..# ##oB......###.#
##o.##..####....÷....#.#.#


You could see an orc warrior and a giant cockroach.

Vanquished Creatures
  5 adders
  2 worms (D:3)
  3 dart slugs
  9 orcs (D:3)
  8 ball pythons
  5 endoplasms
  2 giant cockroaches (D:2)
  4 goblins
  7 hobgoblins
  7 jackals (D:1)
  3 quokkas
  4 bats
  A frilled lizard (D:2)
  2 kobolds
  11 rats
73 creatures vanquished.

Notes
Turn   | Place    | Note
-------+----------+-------------------------------------------
     0 | D:1      | blank1 the Djinni Conjurer began the quest for the Orb.
     0 | D:1      | Reached XP level 1. HP: 15/15 MP: 0/0
    76 | D:1      | Reached XP level 2. HP: 11/22 MP: 0/0
   592 | D:1      | Reached skill level 1 in Fighting
   592 | D:1      | Reached XP level 3. HP: 21/27 MP: 0/0
   592 | D:1      | Learned a level 1 spell: Animate Skeleton
  1619 | D:2      | Reached XP level 4. HP: 29/32 MP: 0/0
  2185 | D:3      | Reached skill level 4 in Spellcasting
  2267 | D:3      | Noticed an orc warrior
  2802 | D:3      | Reached XP level 5. HP: 36/37 MP: 0/0
  2802 | D:3      | Learned a level 2 spell: Poisonous Vapours
  3384 | D:3      | Hit by a stone thrown by an orc warrior

Illustrated notes

Levels and vault maps discovered:
D:1:      tarquinn_simple_flora_water_b, layout_basic
D:2:      layout_rooms
D:3:      layout_loops_ring, amcnicky_altar_gilded, grunt_qazlal_sundering,
          shapermc_ecumenical_altar_mp_highgroup, gammafunk_ghost_nasty_kobolds,
          serial_shops, nicolae_shop_waterfront, minmay_pentangle

Skill      XL: |  1  2  3  4  5 |
---------------+----------------+-----
Fighting       | 1 2 |  2.0
Stealth        | 2 |  2.0
Dodging        | 3 |  3.0
Spellcasting   | 4 |  4.3

Action                   |  1- 3 |  4- 6 || total
-------------------------+-------+-------++-------
Melee: Dagger            |       |     2 ||     2
       Short sword       |       |     2 ||     2
 Cast: Magic Dart        |    87 |    88 ||   175
       Searing Ray       |       |     4 ||     4
       Poisonous Vapours |       |     6 ||     6
 Stab: Sleeping          |       |     1 ||     1
Armor: Robe              |     1 |     5 ||     6
Dodge: Dodged            |    10 |    16 ||    26

Table legend: (Time is in decaauts)
 A = Elapsed time spent in this place.
 B = Non-inter-level travel time spent in this place.
 C = Inter-level travel time spent in this place.
 D = Time resting spent in this place.
 E = Time spent auto-exploring this place.
 F = Levels seen in this place.
 G = Mean time per level.
                   A        B        C        D        E       F      G
               +--------+--------+--------+--------+--------+-----+--------+
         Total |   3384 |   3310 |     74 |    341 |   2523 |   3 | 1128.0 |
       Dungeon |   3384 |   3310 |     74 |    341 |   2523 |   3 | 1128.0 |
               +--------+--------+--------+--------+--------+-----+--------+

Top non-repeatable levels by time:
     D:1: 1351 daAuts
     D:3: 1074 daAuts
     D:2: 957 daAuts
